AoeStats
← Axel Sage

Enclosed

503885813Analyzed
1v1 RM · 29d ago on Sep 2, 2026· 51m 15s· 2 players
Game mode
Random Map
Map size
Tiny (2 player)
Population
200
Speed
Normal
Resources
Standard
Victory
Conquest
Starting age
Dark Age
Ending age
Imperial Age
RankedLock teamsTeams togetherTeam positionsShared explorationLock speedFull tech treeHidden civsTurbo modeCheats
Victory
Defeat
🇹🇷 Turks · Türkiye
608
+15
🇮🇪 Burgundians · Ireland
589
-15
id.ro.mele
0:52 Loom
11:00 Feudal Age
10:53 Double-Bit Axe
12:01 Bow Saw
21:33 Castle Age
19:49 Gold Mining
21:27 Gold Shaft Mining
20:48 Stone Mining
21:22 Horse Collar
22:31 Stone Shaft Mining
22:08 Heavy Plow
24:24 Two-Man Saw
23:35 Husbandry
24:39 Crop Rotation
25:13 Scale Barding Armor
25:19 Forging
25:58 Wheelbarrow
28:56 Hand Cart
28:16 Cavalier
29:23 Chain Barding Armor
31:30 Iron Casting
32:05 Padded Archer Armor
31:56 Fletching
36:49 Imperial Age
34:51 Scale Mail Armor
34:17 Pikeman
34:58 Squires
36:09 Burgundian Vineyards
36:23 Elite Skirmisher
37:37 Chain Mail Armor
37:37 Leather Archer Armor
38:09 Town Watch
38:57 Town Patrol
39:20 Ballistics
38:42 Treadmill Crane
39:13 Masonry
42:06 Conscription
42:21 Bodkin Arrow
42:38 Halberdier
44:48 Chemistry
45:39 Plate Mail Armor
46:21 Bracer
51:06 Paladin
Axel Sage
11:28 Feudal Age
11:54 Loom
12:02 Double-Bit Axe
18:31 Castle Age
17:04 Gold Mining
18:12 Bloodlines
18:16 Scale Barding Armor
20:01 Bow Saw
20:55 Horse Collar
24:31 Stone Mining
26:09 Wheelbarrow
25:20 Town Watch
26:19 Forging
26:57 Gold Shaft Mining
28:17 Town Patrol
28:59 Hand Cart
29:41 Husbandry
32:08 Iron Casting
31:53 Chain Barding Armor
36:03 Imperial Age
37:30 Elite Janissary
40:16 Artillery
47:26 Conscription
Connection lost

Rejoining the realm…

Still unreachable

The connection could not be restored.

Session expired

The server has moved on; the page needs a fresh start.